 Dungeon Crawl Stone Soup version 0.28.0-53-g5a82cb258f (webtiles) character file.

Game seed: 16509548742844248520

60 ZappyNine the Sneak (level 3, 0/28 HPs)
             Began as a Demonspawn Brigand on May 21, 2022.
             Was a Follower of Jiyva.
             Slain by a gnoll
             ... wielding a +0 flail
              (11 damage)
             ... on level 1 of the Dungeon.
             The game lasted 00:01:08 (1048 turns).

ZappyNine the Sneak (Demonspawn Brigand)            Turns: 1048, Time: 00:01:08

Health: 0/28       AC:  3    Str: 11    XL:     3   Next: 80%
Magic:  3/3        EV: 12    Int: 12    God:    Jiyva [*.....]
Gold:   63         SH:  0    Dex: 16    Spells: 2/2 levels left

rFire   . . .      SeeInvis .   a - +2 dagger
rCold   . . .      Faith    .   (no shield)
rNeg    . . .      Spirit   .   b - +0 robe
rPois   .          Reflect  .   (helmet restricted)
rElec   .          Harm     .   c - +0 cloak
rCorr   .          Rampage  .   (no gloves)
Will    .....                   (no boots)
Stlth   +++.......              (no amulet)
HPRegen 0.89/turn               (no ring)
MPRegen 0.33/turn               (no ring)

@: no status effects
A: horns 2
a: Renounce Religion


You were on level 1 of the Dungeon.
You worshipped Jiyva.
Jiyva was aware of your devotion.
You visited 1 branch of the dungeon, and saw 2 of its levels.

You collected 63 gold pieces.

Inventory:

Hand Weapons
 a - a +2 dagger (weapon)
Missiles
 d - 8 poisoned darts (quivered)
 e - 2 curare-tipped darts
Armour
 b - a +0 robe (worn)
 c - a +0 cloak (worn)
Scrolls
 f - a scroll of teleportation {unknown}
 g - a scroll of torment {unknown}
 h - a scroll of magic mapping {unknown}
 j - a scroll of identify {unknown}
Potions
 i - a potion of heal wounds {unknown}
 k - a potion of degeneration {unknown}


   Skills:
 + Level 2.6 Fighting
 + Level 2.4 Short Blades
 - Level 1.7 Throwing
 + Level 1.8 Dodging
 + Level 4.0 Stealth


You had 2 spell levels left.
You didn't know any spells.
Your spell library contained the following spells:

 Spells                   Type           Power      Damage    Failure   Level
 Ensorcelled Hibernation  Hex/Ice        0%         N/A       45%         2
 Spider Form              Tmut/Pois      0%         N/A       69%         3
 Anguish                  Hex/Necr       0%         N/A       97%         4


Dungeon Overview and Level Annotations

Branches:
Dungeon (2/15)

Altars:
Qazlal
Jiyva


Innate Abilities, Weirdness & Mutations

You have a pair of horns on your head.


Message History

There is an open door here.
There is an open door here.
You swap places.
There is an open door here.
You open the door. 3 gnolls come into view.
Found a lumpy cyan potion.
There are monsters nearby!
There are monsters nearby!
A gnoll comes into view. It is wielding a +0 club.
The gnoll shouts!
There is an open door here.
Okay, then.
The gnoll shouts!
There is an open door here.
There is an escape hatch in the ceiling here.
You swing at nothing.
You swing at nothing.
The gnoll hits you with a +0 club.
You hit the gnoll.
The gnoll is moderately wounded.
The gnoll hits you with a +0 club!
You hit the gnoll. You headbutt the gnoll.
You kill the gnoll!
You swing at nothing.
You hit the gnoll but do no damage. You headbutt the gnoll!
The gnoll is heavily wounded.
The gnoll barely misses you.
You hit the gnoll but do no damage.
The gnoll is heavily wounded.
The gnoll barely misses you. The gnoll hits you with a +0 flail!
You hit the gnoll.
The gnoll is severely wounded.
The gnoll misses you. The gnoll barely misses you. The gnoll barely misses you.
The gnoll hits you with a +0 flail! The gnoll closely misses you.
A mysterious force pulls you upwards. The hatch slams shut behind you.
You completely miss the gnoll.
The gnoll is severely wounded.
The gnoll barely misses you. The gnoll hits you with a +0 flail!
You die...

#....###########...........#....
##....##......##...>...J.#.#....
#.......####>.#.........#......
#.........###...........##.....
#......##..####...#.#######....
#†.......#.# ###.#.### #....
###....#.....## #.....### #....
..#....#..##..#######.#...# #....
.......#..##...g@g..#.###.###....
...#.#....#######g....###..##....
.†.#.###..........#.#..###.##..##
##.#.##.............#...##.##.##
#...#..............#.####....#
##..#).............#.# ##.###
##..................# #.#
#.#................#########
#.#..............#..##.....#


You could see 3 gnolls.

Vanquished Creatures
  An adder (D:2)
  2 gnolls
  A worm (D:2)
  3 dart slugs
  3 ball pythons
  A bat (D:1)
  2 giant cockroaches (D:1)
  3 hobgoblins (D:1)
  2 jackals (D:1)
  2 kobolds
  A frilled lizard (D:2)
  2 rats
23 creatures vanquished.

Vanquished Creatures (others)
  A bat (D:1)
  A giant cockroach (D:1)
  A ball python (D:1)
  A kobold (D:1)
4 creatures vanquished.

Grand Total: 27 creatures vanquished

Notes
Turn   | Place    | Note
-------+----------+-------------------------------------------
     0 | D:1      | ZappyNine the Demonspawn Brigand began the quest for the
                  | Orb.
     0 | D:1      | Reached XP level 1. HP: 16/16 MP: 1/1
    24 | D:1      | Found a faded altar of an unknown god.
   203 | D:1      | Reached skill level 1 in Dodging
   253 | D:1      | Prayed at the altar of an unknown god.
   253 | D:1      | Became a worshipper of Jiyva Jaemmus the Shapeless
   253 | D:1      | Reached * piety under Jiyva
   324 | D:1      | Discovered your monstrous ancestry.
   324 | D:1      | Gained mutation: You have a pair of small horns on your
                  | head. [demonic ancestry]
   324 | D:1      | Reached XP level 2. HP: 22/22 MP: 2/2
   437 | D:1      | Gained mutation: You have a pair of horns on your head.
                  | [demonic ancestry]
   437 | D:1      | Reached XP level 3. HP: 28/28 MP: 3/3
   742 | D:2      | Found a stormy altar of Qazlal.
   940 | D:2      | Reached skill level 4 in Stealth
  1048 | D:1      | Slain by a gnoll

Illustrated notes

Levels and vault maps discovered:
D:1:      matt_arrival_los_fun, layout_rooms, ebering_ecumenical_altar_rust
D:2:      layout_basic, basic_altar, serial_shops, nicolae_lakefront_shop

Skill      XL: |  1  2  3 |
---------------+----------+-----
Dodging        | 1 |  1.8
Short Blades   | 2 |  2.4
Stealth        | 4 |  4.0
Fighting       | |  2.6
Throwing       | |  1.7

Action                   || total
-------------------------++-------
Melee: Dagger            ||    74
       Headbutt          ||     5
 Stab: Sleeping          ||     8
Armor: Robe              ||    13
Dodge: Dodged            ||    44
